Map: [ESL] Solaris

Players

Elazer - Winner!

  • Race: Zerg Zerg
  • Spawn Location: 1:00

Serral

  • Race: Zerg Zerg
  • Spawn Location: 7:00

Event: ESL SC2 Masters 2023 Winter (Regional)

VOD

Have the link to the VOD?

Description

Time

  • Played on: Nov. 12, 2023, 9:33 a.m.
  • Length: 19:35

All games in this series

Show
View Real Time Build Order
Export as new Build Order

Elazer Zerg - Winner!

Build Orders: Hatch First 

Get SALT Encoding   

  12  0:00  Drone  
  13  0:12  Overlord  
  13  0:16  Drone  
  14  0:30  Drone x2  
  16  0:47  Hatchery  
  15  0:50  Drone  
  15  0:54  Drone  
  17  0:57  Drone  
  18  1:08  Extractor  
  17  1:13  Spawning Pool  
  17  1:16  Drone  
  17  1:19  Drone  
  18  1:28  Drone  
  19  1:38  Drone  
  20  1:49  Drone  
  21  1:59  Queen x2  
  21  2:00  Zergling x2  
  26  2:02  Overlord  
  26  2:07  Metabolic Boost  
  26  2:11  Drone x2  
  28  2:21  Drone x2  
  30  2:32  Hatchery  
  30  2:35  Zergling x2  
  30  2:39  Drone  
  30  2:43  Baneling Nest  
  30  2:45  Drone  
  30  2:46  Drone  
  32  2:55  Overlord  
  32  2:57  Drone  
  33  3:06  Drone x2, Overlord  
  33  3:08  Drone  
  33  3:12  Queen  
  36  3:14  Zergling x2  
  36  3:16  Zergling x2  
  36  3:18  Zergling x2  
  41  3:20  Zergling x2  
  41  3:26  Drone x2  
  44  3:28  Drone  
  44  3:29  Drone  
  45  3:36  Baneling x2  
  45  3:40  Zergling x8  
  49  3:45  Zergling x8  
  53  3:53  Overlord  
  53  3:59  Drone x3  
  53  4:01  Baneling x2  
  56  4:07  Drone x2  
  58  4:12  Drone x4  
  61  4:17  Drone x3  
  61  4:18  Drone  
  61  4:21  Extractor  
  61  4:22  Extractor  
  63  4:25  Drone, Roach Warren  
  63  4:29  Drone x2  
  65  4:32  Overlord  
  65  4:36  Overlord  
  65  4:41  Drone  
  64  4:55  Drone x7  
  64  4:56  Evolution Chamber  
  69  5:03  Overlord  
  69  5:05  Roach x6  
  69  5:06  Spine Crawler  
  80  5:19  Roach x4  
  80  5:21  Queen  
  78  5:25  Roach x5  
  81  5:29  Roach x2  
  82  5:36  Roach x3  
  86  5:44  Roach x2  
  86  5:51  Zergling x8  
  86  5:54  Overlord  
  90  6:09  Ravager x2  
  90  6:10  Zergling x6  
  90  6:15  Queen  
  92  6:18  Zergling x2  
  92  6:19  Zergling x6  
  92  6:20  Ravager  
  97  6:26  Zergling x2  
  97  6:29  Overlord  
  97  6:30  Overlord  
  98  6:40  Baneling x4  
  98  6:46  Baneling x3  
  97  6:51  Zergling x20  
  96  7:01  Zergling x2  
  96  7:02  Zergling x2  
  90  7:12  Zergling x2  
  90  7:13  Zergling x14  
  87  7:21  Roach x2  
  79  7:26  Roach x2  
  79  7:27  Lair  
  79  7:28  Zerg Missile Weapons Level 1  
  75  7:32  Drone  
  69  7:37  Drone x6  
  69  7:38  Drone  
  69  7:41  Drone x2  
  76  7:47  Drone x3  
  76  7:50  Drone x2  
  81  7:58  Roach x3  
  86  8:07  Roach x4  
  86  8:12  Roach x3  
  102  8:20  Drone x4, Extractor  
  102  8:23  Overlord  
  102  8:26  Drone  
  104  8:27  Spire  
  104  8:32  Extractor  
  104  8:33  Drone x3, Extractor  
  97  8:41  Roach x4  
  105  8:44  Drone  
  105  8:45  Drone x3  
  107  8:50  Glial Reconstitution  
  107  8:51  Overlord  
  107  8:57  Roach x3  
  107  9:01  Overlord  
  113  9:04  Drone x2  
  113  9:07  Roach  
  115  9:19  Overlord  
  115  9:23  Hatchery  
  114  9:39  Mutalisk x7  
  114  9:41  Mutalisk, Unknown  
  114  9:43  Drone x3  
  132  9:47  Overlord x2  
  132  9:48  Mutalisk  
  132  9:52  Roach x2  
  138  9:54  Roach  
  138  9:58  Overlord  
  140  10:01  Roach x2  
  144  10:09  Roach x4  
  151  10:15  Roach x3  
  151  10:17  Overlord  
  157  10:22  Roach x2  
  161  10:33  Roach x4  
  163  10:40  Roach  
  163  10:41  Roach x5  
  157  10:45  Mutalisk x2  
  157  10:48  Zerg Flyer Weapons Level 1  
  147  10:52  Mutalisk x2  
  143  10:57  Baneling x2  
  143  11:00  Mutalisk x2  
  147  11:05  Overlord x3  
  147  11:08  Mutalisk  
  148  11:18  Mutalisk  
  148  11:19  Mutalisk  
  148  11:23  Mutalisk x2  
  156  11:28  Overlord x3  
  156  11:29  Mutalisk  
  158  11:35  Mutalisk  
  158  11:39  Roach x4  
  164  11:42  Roach  
  166  11:47  Mutalisk x2  
  166  11:51  Roach x2  
  174  11:55  Mutalisk  
  176  12:01  Zerg Missile Weapons Level 2  
  176  12:06  Roach x4  
  184  12:15  Roach x6  
  192  12:22  Ravager x2  
  192  12:29  Overlord x2  
  160  12:55  Roach x16  
  176  12:59  Roach x5  
  168  13:08  Roach x6  
  168  13:12  Roach x2  
  182  13:17  Roach x2  
  184  13:24  Roach x4  
  184  13:26  Overlord  
  186  13:36  Roach x5  
  178  13:41  Roach  
  178  13:42  Roach x3  
  188  13:48  Roach x4  
  180  13:58  Roach x4  
  169  14:03  Roach x3  
  165  14:10  Roach  
  165  14:11  Roach x2  
  134  14:41  Overlord  
  134  14:45  Hatchery  
  127  14:51  Spore Crawler x2  
  125  15:04  Lair  
  119  15:20  Overlord x6  
  99  15:37  Spore Crawler  
  90  15:51  Spore Crawler  
  90  15:53  Spore Crawler  
  86  16:02  Spore Crawler, Queen  
  86  16:03  Hatchery, Hydralisk Den  
  81  16:05  Hatchery  
  74  16:13  Spore Crawler  
  74  16:16  Pneumatized Carapace  
  71  16:39  Hydralisk x6  
  76  16:47  Overlord x3  
  76  16:54  Hydralisk Den  
  74  17:17  Queen  
  76  17:26  Hydralisk x9  
  90  17:39  Hydralisk x3  
  90  17:43  Grooved Spines  
  96  17:50  Infestation Pit  
  95  18:00  Spore Crawler  
  95  18:01  Spore Crawler  
  93  18:07  Drone x3  
  93  18:08  Overlord  
  93  18:09  Overlord  
  94  18:24  Overlord x2  
  94  18:33  Drone  
  94  18:34  Drone x6  
  101  18:51  Hydralisk x4  
  89  19:06  Hydralisk x5  
Show
View Real Time Build Order
Export as new Build Order

Serral Zerg 

Build Orders: Hatch First 

Get SALT Encoding   

  12  0:00  Drone  
  13  0:11  Overlord  
  13  0:16  Drone  
  14  0:30  Drone x2  
  16  0:48  Hatchery  
  15  0:50  Drone  
  15  0:53  Drone  
  17  1:07  Spawning Pool  
  17  1:09  Extractor  
  15  1:12  Drone  
  15  1:15  Drone  
  17  1:19  Drone  
  18  1:27  Drone  
  19  1:38  Drone  
  20  1:48  Drone  
  21  1:59  Queen x2, Overlord  
  21  2:01  Zergling x2  
  26  2:09  Metabolic Boost  
  26  2:10  Drone x2  
  28  2:21  Zergling x2  
  29  2:23  Drone  
  30  2:33  Hatchery  
  30  2:35  Drone  
  30  2:41  Baneling Nest  
  30  2:43  Drone  
  30  2:46  Drone  
  30  2:51  Overlord  
  31  2:54  Drone  
  31  2:57  Zergling x2  
  33  3:04  Drone  
  34  3:08  Drone x2  
  34  3:10  Overlord  
  36  3:13  Zergling x4  
  36  3:14  Zergling x2  
  36  3:18  Drone  
  41  3:20  Drone  
  41  3:25  Queen  
  43  3:29  Drone x2  
  45  3:39  Drone x2  
  45  3:40  Roach Warren  
  46  3:42  Baneling  
  46  3:44  Overlord  
  46  3:46  Drone  
  48  3:48  Drone  
  48  3:50  Zergling x2  
  48  3:53  Drone x2  
  51  3:57  Overlord  
  50  4:03  Baneling x2  
  50  4:04  Zergling x6  
  50  4:08  Overlord  
  53  4:13  Evolution Chamber  
  51  4:21  Roach x4  
  51  4:23  Extractor  
  58  4:25  Roach x2  
  62  4:33  Overlord  
  62  4:36  Zergling x2, Roach  
  62  4:37  Zergling x4  
  67  4:41  Overlord  
  65  4:45  Overlord  
  65  4:46  Zergling x4  
  65  4:48  Drone  
  65  4:51  Baneling  
  68  4:53  Drone x3  
  70  5:01  Drone x3  
  70  5:04  Baneling x2  
  73  5:10  Zergling x10  
  76  5:20  Zergling x10  
  73  5:24  Drone x3  
  74  5:28  Drone x4  
  74  5:44  Drone x4  
  74  5:47  Drone x2  
  78  5:54  Roach x3  
  82  5:57  Extractor  
  82  5:58  Roach x2  
  82  6:01  Queen  
  87  6:06  Drone x4  
  84  6:13  Overlord  
  84  6:16  Overlord  
  84  6:18  Roach x2  
  87  6:19  Zergling x2  
  87  6:20  Zergling x2  
  87  6:23  Spine Crawler x2  
  87  6:24  Roach x2  
  87  6:25  Roach  
  91  6:27  Ravager  
  91  6:29  Roach  
  91  6:30  Zergling x2  
  91  6:32  Roach x2  
  99  6:35  Spine Crawler  
  99  6:38  Baneling x3  
  99  6:39  Baneling  
  98  6:41  Roach x3  
  104  6:48  Roach x2  
  104  6:50  Roach x2  
  104  6:53  Roach  
  104  6:54  Zergling x6  
  104  7:00  Zergling x2, Roach x2  
  100  7:06  Roach x2  
  94  7:09  Roach  
  94  7:14  Roach x2  
  92  7:17  Roach  
  84  7:23  Zergling x4, Queen  
  84  7:24  Zergling x2  
  84  7:29  Queen  
  90  7:34  Lair  
  84  7:37  Drone  
  84  7:40  Zergling x10  
  84  7:41  Zerg Missile Weapons Level 1  
  90  7:56  Roach  
  90  7:57  Roach  
  94  7:58  Queen  
  94  8:01  Baneling  
  94  8:02  Drone  
  94  8:03  Drone x3  
  98  8:14  Drone x3  
  98  8:17  Extractor  
  99  8:21  Drone  
  99  8:22  Drone x2  
  102  8:32  Drone x2  
  102  8:33  Drone, Overseer  
  104  8:36  Overlord  
  104  8:37  Glial Reconstitution  
  104  8:38  Drone  
  104  8:39  Spire  
  104  8:41  Extractor, Roach x2  
  108  8:43  Extractor, Overlord  
  106  8:50  Overlord  
  106  8:51  Drone  
  106  8:52  Drone x3  
  106  8:54  Overlord  
  110  8:59  Overlord  
  110  9:03  Overlord  
  110  9:05  Hatchery  
  110  9:06  Roach  
  110  9:08  Drone  
  112  9:11  Roach x2  
  112  9:12  Roach  
  112  9:15  Overlord  
  112  9:17  Drone  
  117  9:20  Roach  
  117  9:21  Overlord  
  119  9:26  Roach x2  
  122  9:37  Roach  
  122  9:38  Roach x2  
  127  9:45  Zerg Missile Weapons Level 2  
  127  9:51  Corruptor x5  
  137  9:55  Corruptor  
  139  10:00  Drone  
  139  10:01  Drone x2  
  139  10:03  Zerg Flyer Armor Level 1  
  142  10:07  Unknown  
  142  10:11  Overlord  
  142  10:13  Corruptor x2  
  143  10:17  Drone, Spore Crawler  
  145  10:25  Roach x4  
  153  10:30  Overlord  
  153  10:31  Roach x2  
  153  10:32  Overlord  
  133  10:43  Roach x2  
  133  10:45  Roach x6  
  133  10:48  Ravager x2  
  131  10:51  Roach  
  131  10:52  Roach x2  
  127  10:57  Queen  
  127  10:59  Roach x2  
  127  11:01  Ravager  
  127  11:02  Ravager  
  127  11:03  Ravager x2  
  137  11:06  Roach x3  
  143  11:16  Roach x3  
  139  11:21  Roach x5  
  139  11:23  Overseer  
  149  11:27  Roach x2  
  149  11:29  Ravager x3  
  156  11:36  Corruptor x2  
  155  11:41  Corruptor x2  
  155  11:45  Corruptor  
  155  11:46  Corruptor  
  161  11:49  Overlord  
  161  11:54  Corruptor  
  161  11:56  Corruptor  
  161  11:59  Corruptor  
  167  12:03  Overlord  
  167  12:05  Overlord  
  167  12:15  Corruptor  
  160  12:17  Ravager x2  
  160  12:18  Corruptor  
  160  12:22  Roach x4  
  176  12:30  Overlord  
  176  12:35  Roach  
  180  12:46  Roach x4  
  162  12:52  Roach x9  
  162  12:58  Roach x2  
  166  13:01  Roach  
  166  13:04  Roach x2  
  162  13:09  Roach x2  
  162  13:12  Ravager x3  
  160  13:17  Roach x2  
  166  13:21  Roach x2  
  166  13:26  Roach x2  
  174  13:33  Roach x3  
  170  13:38  Roach x3  
  154  13:43  Roach x2  
  155  13:49  Roach x3  
  155  13:55  Roach x2  
  148  13:59  Roach x2  
  138  14:05  Roach x2  
  122  14:11  Roach x2  
  116  14:18  Mutalisk x2  
  116  14:23  Mutalisk  
  111  14:26  Mutalisk  
  105  14:33  Mutalisk  
  105  14:36  Mutalisk  
  101  14:41  Mutalisk  
  91  14:46  Mutalisk  
  80  14:59  Mutalisk  
  72  15:01  Evolution Chamber  
  71  15:09  Mutalisk  
  73  15:21  Mutalisk  
  62  16:09  Drone  
  63  16:15  Mutalisk  
  65  16:43  Mutalisk  
  70  17:13  Roach x3  
  73  17:27  Roach  
  71  17:38  Roach  
  75  17:51  Roach  
  75  18:02  Roach  
  77  18:15  Roach  
  75  18:28  Roach  
  77  18:38  Roach  
  75  18:54  Roach  
  55  19:13  Roach  
Tags
 
Add a new tag
Caveats
  • Supply blocks, unpowered buildings, or Contaminate may cause inaccurate times.
  • Supply counts are checked every 10 seconds.